Map: Dusk Towers

Players

Pokebunny - Winner!

  • Race: Terran Terran
  • League: Grandmaster

Zan

  • Race: Terran Terran
  • League: Master

VOD

Have the link to the VOD?

Description

Time

  • Played on: April 4, 2016, 4:36 p.m.
  • Length: 8:57
Show
View Real Time Build Order
Export as new Build Order

Pokebunny Terran - Winner!

Build Orders: Reaper Expand, MMM Bio 

Get SALT Encoding   

  12  0:00  SCV  
  13  0:13  SCV  
  14  0:17  Supply Depot  
  14  0:25  SCV  
  15  0:38  SCV  
  15  0:41  Barracks  
  16  0:44  Refinery  
  16  0:50  SCV  
  17  1:03  SCV  
  18  1:15  SCV  
  19  1:28  Reaper, Orbital Command  
  20  1:38  Command Center  
  20  1:48  Supply Depot  
  21  1:54  SCV  
  21  2:01  Marine  
  21  2:07  Factory  
  22  2:12  SCV  
  22  2:15  Refinery  
  23  2:19  Marine  
  24  2:24  SCV  
  25  2:36  SCV  
  26  2:37  Marine  
  27  2:53  Hellion  
  27  2:55  Marine  
  27  2:56  Orbital Command  
  29  2:58  Starport  
  29  2:59  SCV  
  30  3:11  Barracks  
  30  3:12  Barracks  
  30  3:13  Barracks Tech Lab  
  30  3:16  Widow Mine  
  30  3:18  SCV  
  33  3:23  SCV  
  34  3:34  Marine  
  34  3:35  Stimpack  
  34  3:36  Medivac  
  34  3:38  SCV x2  
  39  3:43  Supply Depot  
  39  3:49  Factory Tech Lab  
  39  3:52  SCV x2  
  41  4:01  Barracks Reactor x2, Marine  
  42  4:04  SCV x2  
  42  4:07  Supply Depot  
  44  4:14  Siege Tank  
  44  4:16  SCV  
  44  4:17  SCV  
  49  4:18  Supply Depot  
  49  4:24  Marine  
  49  4:25  Starport Reactor  
  49  4:28  SCV  
  49  4:29  SCV  
  52  4:40  SCV  
  52  4:42  SCV  
  52  4:45  Marine x4  
  55  4:46  Marine  
  55  4:47  Siege Tank  
  55  4:49  Supply Depot  
  62  4:53  SCV  
  63  5:03  Marine x4  
  63  5:04  Marine, SCV  
  63  5:05  SCV  
  70  5:07  Refinery  
  70  5:12  Medivac  
  70  5:13  Command Center  
  72  5:19  SCV x2  
  74  5:22  Supply Depot  
  74  5:24  Supply Depot  
  72  5:28  Marine x2  
  72  5:29  Marine x3  
  72  5:33  SCV  
  78  5:44  SCV  
  77  5:55  SCV  
  77  5:56  SCV  
  79  6:01  Marine x2  
  79  6:02  Siege Tank, Marine x3  
  79  6:03  Refinery  
  87  6:07  SCV  
  87  6:08  Supply Depot, SCV  
  89  6:15  Combat Shields  
  89  6:16  Medivac x2  
  93  6:21  Marine  
  93  6:24  Marine x4  
  98  6:29  Orbital Command  
  98  6:30  SCV x2  
  98  6:38  Siege Tank  
  101  6:43  Marine x3  
  101  6:44  Marine x2  
  106  6:49  Orbital Command, Medivac x2  
  110  7:02  Marine  
  110  7:03  Marine x4  
  110  7:07  SCV x2  
  116  7:14  Engineering Bay  
  116  7:17  Engineering Bay  
  116  7:20  SCV  
  117  7:44  Marine x3, SCV x2  
  117  7:45  Marine  
  117  7:46  Marine  
  114  7:56  Barracks  
  114  7:58  Barracks  
  104  8:01  Marine  
  104  8:02  Marine x2  
  104  8:03  Marine  
  104  8:04  Marine  
  107  8:06  SCV  
  107  8:07  SCV x2  
  110  8:19  Marine  
  111  8:21  Marine x2  
  111  8:22  Marine  
  111  8:24  Siege Tank  
  117  8:31  Supply Depot  
  117  8:32  Supply Depot  
  117  8:33  Supply Depot  
Show
View Real Time Build Order
Export as new Build Order

Zan Terran 

Build Orders: Reaper Expand 

Get SALT Encoding   

  12  0:00  SCV  
  13  0:12  SCV  
  14  0:17  Supply Depot  
  14  0:24  SCV  
  15  0:39  SCV  
  15  0:40  Barracks  
  16  0:46  Refinery  
  16  0:51  SCV  
  17  1:03  SCV  
  18  1:15  SCV  
  19  1:27  Orbital Command  
  19  1:28  Reaper  
  20  1:44  Command Center  
  20  1:54  SCV  
  20  1:55  Supply Depot  
  20  2:00  Marine  
  22  2:14  Factory  
  22  2:15  Refinery  
  21  2:19  SCV  
  22  2:23  Barracks Reactor  
  22  2:31  SCV  
  22  2:56  SCV  
  22  2:57  Orbital Command  
  23  2:59  Starport, Widow Mine  
  23  3:00  Marine x2  
  27  3:08  SCV  
  28  3:17  Marine x2  
  30  3:20  SCV  
  30  3:24  SCV  
  32  3:28  Factory Tech Lab  
  32  3:35  Marine x2, Medivac  
  32  3:37  SCV x2  
  38  3:50  Command Center  
  38  3:51  Siege Tank  
  41  3:56  Marine x2  
  41  3:59  Supply Depot  
  41  4:01  SCV  
  41  4:02  SCV  
  45  4:14  Supply Depot  
  45  4:20  Viking  
  45  4:23  SCV x2  
  49  4:33  Siege Tank, Marine x2  
  54  4:46  SCV x2  
  54  4:51  Barracks  
  54  4:52  Barracks  
  56  4:56  Starport Reactor  
  56  4:59  SCV x2  
  58  5:03  Engineering Bay  
  58  5:04  Orbital Command  
  58  5:11  SCV x2  
  60  5:23  Barracks  
  60  5:24  Factory Tech Lab, Barracks  
  60  5:30  SCV, Stimpack  
  60  5:31  SCV x2  
  60  5:34  Refinery  
  60  5:35  Refinery  
  63  5:37  Terran Infantry Weapons Level 1  
  63  5:54  SCV x2  
  63  5:56  Barracks Reactor x2  
  57  5:58  SCV  
  57  6:02  Marine  
  57  6:03  Siege Tank  
  62  6:06  SCV  
  62  6:08  Medivac  
  64  6:12  Marine x3  
  65  6:20  Marine, SCV x2  
  65  6:24  Barracks  
  68  6:25  Supply Depot  
  68  6:26  Supply Depot  
  68  6:29  Marine  
  68  6:30  Sensor Tower  
  69  6:33  Marine x5  
  69  6:35  Barracks Reactor, Siege Tank  
  69  6:39  Supply Depot x2  
  77  6:47  Marine, Medivac  
  77  6:52  Marine x3  
  77  6:53  Marine x3  
  85  7:02  SCV x2  
  85  7:04  Marine  
  88  7:10  Marine x5  
  88  7:12  Marine x3  
  96  7:18  Supply Depot  
  96  7:19  Orbital Command  
  96  7:20  Supply Depot  
  96  7:22  Marine  
  96  7:26  Medivac  
  96  7:27  Medivac  
  96  7:28  Marine x5  
  105  7:30  Marine  
  105  7:31  Marine x2  
  106  7:42  Marine  
  103  7:46  Marine x2  
  76  7:51  Marine x3  
  76  7:53  Marine x2  
  76  7:54  Marine  
  78  7:59  Marine  
  78  8:00  SCV  
  78  8:03  Marine x2  
  78  8:05  Siege Tank  
  81  8:07  SCV  
  81  8:09  Marine x3  
  81  8:12  SCV  
  86  8:22  Marine x2  
  86  8:23  Marine x3  
  89  8:28  Marine x4  
Tags
 
Add a new tag
Caveats
  • Supply blocks, unpowered buildings, or Contaminate may cause inaccurate times.
  • Supply counts are checked every 10 seconds.